 Dungeon Crawl Stone Soup version 0.25.0-41-g26779e291d (webtiles) character file.

Game seed: 7861915819319814849

242 ioannis32 the Skirmisher (level 5, -2/43 HPs)
             Began as a Demonspawn Berserker on July 10, 2020.
             Was a Follower of Trog.
             Slain by an ice beast (12 damage)
             ... on level 5 of the Dungeon on July 11, 2020.
             The game lasted 00:20:30 (5398 turns).

ioannis32 the Skirmisher (Demonspawn Berserker)     Turns: 5398, Time: 00:20:30

Health: -2/43      AC: 12    Str: 18    XL:     5   Next: 82%
Magic:  14/14      EV:  8    Int:  9    God:    Trog [*.....]
Gold:   183        SH:  0    Dex: 12    Spells: 4/4 levels left

rFire    . . .     SeeInvis .   a - +0 hand axe
rCold    . . .     Gourm    .   (no shield)
rNeg     . . .     Faith    .   C - +0 chain mail
rPois    .         Spirit   .   p - +0 helmet
rElec    .         Reflect  .   (no cloak)
rCorr    .         Harm     .   b - +0 pair of gloves
MR       .....                  w - +0 pair of boots
Stlth    ..........             (no amulet)
HPRegen  0.14/turn              y - ring of magical power
MPRegen  0.14/turn              (no ring)

@: no status effects
A: demonic guardian 1, foul stench 2, rot immunity
a: Berserk, Renounce Religion


You were on level 5 of the Dungeon.
You worshipped Trog.
Trog was aware of your devotion.
You were not hungry.

You visited 1 branch of the dungeon, and saw 5 of its levels.

You collected 183 gold pieces.

Inventory:

Hand Weapons
 a - a +0 hand axe (weapon)
 o - a +2 dagger of flaming
Missiles
 z - 7 atropa-tipped darts (quivered)
Armour
 b - a +0 pair of gloves (worn)
 p - a +0 helmet (worn)
 w - a +0 pair of boots (worn)
 C - a +0 chain mail (worn)
Jewellery
 y - a ring of magical power (left hand)
Wands
 x - a wand of random effects (15)
Scrolls
 f - 2 scrolls of enchant armour {unknown}
 g - 6 scrolls of teleportation {unknown}
 h - 3 scrolls of remove curse {unknown}
 i - a scroll of random uselessness {unknown}
 j - 2 scrolls of fog {unknown}
 k - 2 scrolls of fear {unknown}
 n - 7 scrolls of identify {unknown}
 q - a scroll of amnesia {unknown}
 v - 2 scrolls of enchant weapon {unknown}
 B - a scroll of blinking {unknown}
Potions
 d - 2 potions of curing {unknown}
 e - 2 potions of heal wounds {unknown}
 l - a potion of might {unknown}
 m - a potion of flight {unknown}
 r - a potion of lignification {unknown}
 s - a potion of degeneration {unknown}
 t - a potion of resistance {unknown}
 u - a potion of berserk rage {unknown}
Comestibles
 c - 7 rations


   Skills:
 + Level 4.8 Fighting
 - Level 2.6 Axes
 + Level 3.5 Armour
 + Level 2.7 Dodging
 - Level 1.0 Stealth
 * Level 0.7 Evocations


You had 4 spell levels left.
You didn't know any spells.
Your spell library was empty.

Dungeon Overview and Level Annotations

Branches:
Dungeon (5/15)
 Temple: D:4-7

Altars:
Okawaru
Sif Muna
Trog


Innate Abilities, Weirdness & Mutations

A weak demonic guardian rushes to your aid.
You frequently emit foul miasma when damaged in melee.
You are immune to rotting.


Message History

The ice beast barely misses you.
Your shadow imp hits the ice beast but does no damage.
You barely miss the ice beast.
The ice beast is severely wounded.
Your shadow imp disappears in a puff of smoke!
The ice beast hits you but does no damage.
You hit the ice beast but do no damage.
The ice beast is severely wounded.
The ice beast hits you. The ice beast freezes you!
* * * LOW HITPOINT WARNING * * *
You hit the ice beast but do no damage.
The ice beast is severely wounded.
The ice beast hits you but does no damage.
Your white imp closely misses the ice beast.
Your chain mail prevents you from hitting the ice beast.
The ice beast is severely wounded.
The ice beast hits you.
* * * LOW HITPOINT WARNING * * *
The ice beast freezes you!
You die...

###### #....#
#....#
##...5#
#.Y5..+
#..@."#
#.....#
#.##### #.#
#.###########
#.#.........#
#.##.######.#
#.##.##...#.#
#.##.##.#.#.#


You could see an ice beast (sick) and 2 friendly white imps.

Vanquished Creatures
  An orc wizard (D:3)
  3 worker ants (D:4)
  3 gnolls (D:2)
  3 adders (D:4)
  A shadow imp (D:5)
  An ooze (D:1)
  3 worms
  4 dart slugs
  A leopard gecko (D:4)
  5 orcs
  3 giant cockroaches
  5 goblins
  5 hobgoblins
  2 jackals (D:1)
  8 kobolds
  5 bats
  4 frilled lizards
  A quokka skeleton (D:4)
  2 rats (D:1)
  2 bushes (D:2)
  5 plants (D:2)
67 creatures vanquished.

Notes
Turn   | Place    | Note
-------+----------+-------------------------------------------
     0 | D:1      | ioannis32 the Demonspawn Berserker began the quest for the
                  | Orb.
     0 | D:1      | Reached XP level 1. HP: 18/18 MP: 1/1
   218 | D:1      | Gained mutation: You are immune to rotting. [demonic
                  | ancestry]
   218 | D:1      | Reached XP level 2. HP: 24/24 MP: 2/2
   995 | D:2      | Gained mutation: You may emit foul miasma when damaged in
                  | melee. [demonic ancestry]
   995 | D:2      | Reached XP level 3. HP: 19/30 MP: 3/3
  1553 | D:2      | Paralysed by fainting for 11 turns
  1599 | D:2      | Paralysed by fainting for 9 turns
  2252 | D:2      | Paralysed by fainting for 5 turns
  2287 | D:2      | Paralysed by fainting for 9 turns
  2318 | D:2      | Paralysed by fainting for 5 turns
  2350 | D:2      | Reached skill level 4 in Fighting
  2351 | D:2      | Gained mutation: You frequently emit foul miasma when
                  | damaged in melee. [demonic ancestry]
  2351 | D:2      | Reached XP level 4. HP: 16/37 MP: 4/4
  2661 | D:3      | Reached ** piety under Trog
  2731 | D:3      | Found a shimmering blue altar of Sif Muna.
  3771 | D:4      | Gained mutation: A weak demonic guardian rushes to your
                  | aid. [demonic ancestry]
  3771 | D:4      | Reached XP level 5. HP: 35/43 MP: 5/5
  3872 | D:4      | Reached skill level 1 in Stealth
  4130 | D:4      | Found a bloodstained altar of Trog.
  4130 | D:4      | Found an iron altar of Okawaru.
  5256 | D:5      | Entered Level 5 of the Dungeon
  5381 | D:5      | Noticed an ice beast
  5398 | D:5      | Slain by an ice beast

Illustrated notes

Levels and vault maps discovered:
D:1:      wheals_arrival_shading, layout_basic
D:2:      layout_basic, serial_forest, infiniplex_forest_clump_double,
          infiniplex_forest_clump_large, infiniplex_forest_straight_3,
          infiniplex_forest_corner_2, infiniplex_forest_clump_medium,
          infiniplex_forest_zigzag_2, infiniplex_forest_clump_long
D:3:      layout_basic, led_sif_pool
D:4:      layout_basic, grunt_temple_overflow_bloody_war
D:5:      layout_basic, temple_statues, first_ration

Skill      XL: |  1  2  3  4  5 |
---------------+----------------+-----
Armour         | 2 3 |  3.5
Dodging        | 2 |  2.7
Fighting       | 4 |  4.8
Stealth        | 1 |  1.0
Axes           | |  2.6
Evocations     | |  0.7

Action                   |  1- 3 |  4- 6 || total
-------------------------+-------+-------++-------
Melee: Hand axe          |   695 |   151 ||   846
Invok: Berserk           |     2 |     1 ||     3
 Stab: Sleeping          |     1 |       ||     1
  Eat: Chunk             |     1 |     8 ||     9
       Ration            |     2 |     1 ||     3
Armor: Animal skin       |     8 |       ||     8
       Ring mail         |    16 |    44 ||    60
       Chain mail        |       |    10 ||    10
Dodge: Dodged            |    66 |    87 ||   153
